 Dungeon Crawl Stone Soup version 0.20.0-8-g6b59dc7 (console) character file.

499 archego the Sneak (level 7, -11/41 HPs)
             Began as a Halfling Enchanter on June 1, 2017.
             Was a Follower of Okawaru.
             Shot with an arrow by a centaur (13 damage)
             ... on level 7 of the Dungeon.
             The game lasted 00:27:00 (3516 turns).

archego the Sneak (Halfling Enchanter)              Turns: 3516, Time: 00:27:00

Health: -11/41     AC:  5    Str:  9    XL:     7   Next: 39%
Magic:  1/9        EV: 19    Int: 15    God:    Okawaru [*.....]
Gold:   221        SH:  0    Dex: 15    Spells: 3/9 levels left

rFire    . . .     SeeInvis .   b - +0 quarterstaff
rCold    . . .     Gourm    .   (shield currently unavailable)
rNeg     . . .     Faith    .   o - +0 robe
rPois    .         Spirit   .   e - +0 helmet
rElec    .         Reflect  .   (no cloak)
rCorr    .         Harm     .   (no gloves)
MR       .....                  p - +1 pair of boots
Stlth    +++++.....             (no amulet)
Regen    0.2/turn               (no ring)
MPRegen  0.2/turn               (no ring)

@: heroism, hasted, very quick
A: mutation resistance 1
a: Heroism, Renounce Religion


You were on level 7 of the Dungeon.
You worshipped Okawaru.
Okawaru was aware of your devotion.
You were not hungry.

You visited 2 branches of the dungeon, and saw 8 of its levels.

You collected 221 gold pieces.

Inventory:

Hand Weapons
 a - a +1 dagger
 b - a +0 quarterstaff (weapon)
 c - a +0 hunting sling
Missiles
 i - 8 sling bullets
 t - a tomahawk (quivered)
 v - 8 curare-tipped needles
Armour
 e - a +0 helmet (worn)
 o - a +0 robe (worn)
 p - a +1 pair of boots (worn)
Wands
 r - a wand of disintegration (0/24)
 s - a wand of polymorph (0/24)
 w - a wand of lightning (0/15)
Scrolls
 m - 2 scrolls of immolation
Potions
 h - 2 potions of cancellation
 q - a potion of resistance
 u - a potion of flight
Books
 g - a book of Maledictions

   Spells                             Type                      Level
   a - Corona                         Hexes                        1
   b - Ensorcelled Hibernation        Hexes/Ice                    2
   c - Confuse                        Hexes                        3
   d - Tukima's Dance                 Hexes                        3
   e - Dazzling Spray                 Conjuration/Hexes            3
Comestibles
 d - 3 bread rations
 f - 5 fruits
 j - 4 meat rations
 n - a royal jelly


   Skills:
 + Level 4.2(9.2) Short Blades
 - Level 2.1(7.1) Dodging
 + Level 5.5(10.5) Stealth
 - Level 1.5 Spellcasting
 * Level 4.9 Hexes


You had 3 spell levels left.
You knew the following spells:

 Your Spells              Type           Power        Failure   Level  Hunger
a - Corona                Hex            ###....      3%          1    ##.....
b - Ensorcelled Hibernat  Hex/Ice        #.....       13%         2    ###....
c - Confuse               Hex            ###.....     9%          3    ####...


Dungeon Overview and Level Annotations

Branches:
Dungeon (7/15)             Temple (1/1) D:4

Altars:
Ashenzari
Cheibriados
Dithmenos
Fedhas
Gozag
Hepliaklqana
Makhleb
Nemelex Xobeh
Okawaru
Sif Muna
Trog
Uskayaw
Vehumet
Yredelemnul
Zin
The Shining One

Annotations:
D:4 armaa's ghost, amateur FoGl
D:6 Grinder


Innate Abilities, Weirdness & Mutations

You are small and have problems with some larger weapons.
You are somewhat resistant to further mutation.


Message History

Confirm with . or Enter, or press ? or * to list all spells.
Aiming: Confuse
Press: ? - help, Shift-Dir - straight line, f - centaur
Aim: a centaur, wielding a shortbow (chance to defeat MR: 47%)
The centaur resists with some effort.
The centaur shoots an arrow.
The arrow barely misses you.
The centaur shoots an arrow.
The arrow closely misses you.
Evoke which item? (* to show all) (? for menu, Esc to quit)
Okay, then.
Evoke which item? (* to show all) (? for menu, Esc to quit)
Aiming: Polymorph (will waste charges)
Press: ? - help, Shift-Dir - straight line, f/p - centaur
Aim: a centaur, wielding a shortbow (chance to defeat MR: 46%) Nothing appears to happen.
The centaur shoots an arrow.
The arrow closely misses you.
Evoke which item? (* to show all) (? for menu, Esc to quit)
Okay, then.
Unknown command.
You feel yourself speed up.
The centaur shoots an arrow.
The arrow hits you!
You die...

.c #.# ##
#.# #.# #.#
#.# #.# #.#
#.# ##@##
#..(#
#....c.c...
#...#######
#####


You could see a centaur.

Vanquished Creatures
  A hornet zombie (D:6)
  A black bear (D:6)
  A crimson imp (D:6)
  A hound (D:4)
  A bullfrog zombie (D:6)
  3 worker ants
  A hound skeleton (D:6)
  4 adders
  A shadow imp (D:5)
  An ooze (D:1)
  A dart slug (D:1)
  4 leopard geckos
  12 orcs
  A bat skeleton (D:2)
  2 bat zombies (D:2)
  3 giant cockroaches
  8 goblins
  2 hobgoblins (D:1)
  4 jackals
  7 kobolds
  3 quokkas
  3 ball pythons
  5 bats
  10 frilled lizards
  5 rats
85 creatures vanquished.

Vanquished Creatures (others)
  A centaur (D:5)
1 creature vanquished.

Grand Total: 86 creatures vanquished

Notes
Turn   | Place    | Note
-------+----------+-------------------------------------------
     0 | D:1      | archego the Halfling Enchanter began the quest for the Orb.
     0 | D:1      | Reached XP level 1. HP: 11/11 MP: 3/3
   176 | D:1      | Reached XP level 2. HP: 12/17 MP: 4/4
   356 | D:1      | Learned a level 2 spell: Ensorcelled Hibernation
   469 | D:1      | Reached XP level 3. HP: 15/21 MP: 5/5
  1265 | D:3      | Reached XP level 4. HP: 27/27 MP: 4/6
  1313 | D:3      | Found a blossoming altar of Fedhas.
  1370 | D:3      | Learned a level 3 spell: Confuse
  1675 | D:3      | Reached skill level 4 in Stealth
  1689 | D:3      | Found a sparkling altar of Nemelex Xobeh.
  1795 | D:3      | Found a bloodstained altar of Trog.
  2259 | D:4      | Reached XP level 5. HP: 27/31 MP: 1/7
  2340 | D:4      | Found a staircase to the Ecumenical Temple.
  2348 | Temple   | Entered the Ecumenical Temple
  2367 | Temple   | Became a worshipper of Warmaster Okawaru
  2456 | D:4      | Noticed armaa's ghost (amateur FoGl)
  2727 | D:4      | Reached XP level 6. HP: 34/36 MP: 8/8
  2885 | D:5      | Entered Level 5 of the Dungeon
  3046 | D:5      | Noticed an ice beast
  3095 | D:5      | Noticed an orc warrior
  3262 | D:6      | Reached skill level 5 in Stealth
  3290 | D:6      | Noticed an ogre
  3352 | D:6      | Noticed Grinder
  3372 | D:6      | Reached * piety under Okawaru
  3372 | D:6      | Reached XP level 7. HP: 7/41 MP: 7/9
  3470 | D:6      | HP: 2/41 [wolf (5)]
  3511 | D:7      | HP: 2/41 [centaur/arrow (5)]
  3516 | D:7      | Shot with an arrow by a centaur

Skill      XL: |  1  2  3  4  5  6  7 |
---------------+----------------------+-----
Short Blades   | 2 3 4 |  4.2
Hexes          | 3 4 |  4.9
Stealth        | 4 5 |  5.5
Dodging        | |  2.1
Spellcasting   | |  1.5

Action                   |  1- 3 |  4- 6 |  7- 9 || total
-------------------------+-------+-------+-------++-------
Melee: Dagger            |    69 |     6 |     1 ||    76
       Quarterstaff      |       |    11 |    14 ||    25
 Fire: Hunting sling     |    67 |   212 |       ||   279
Throw: Tomahawk          |       |       |     1 ||     1
 Cast: Corona            |    19 |    36 |     1 ||    56
       Confuse           |       |     6 |     5 ||    11
       Ensorcelled Hiber |       |     1 |       ||     1
Invok: Heroism           |       |       |     2 ||     2
Evoke: Wand              |       |     6 |     9 ||    15
  Use: Scroll            |     6 |     4 |       ||    10
       Potion            |       |     1 |     2 ||     3
 Stab: Sleeping          |     9 |     2 |       ||    11
  Eat: Chunk             |     2 |     5 |     2 ||     9
       Fruit             |       |     3 |       ||     3
Armor: Robe              |    26 |    48 |     7 ||    81
Dodge: Dodged            |   138 |   127 |    17 ||   282
